 Dungeon Crawl Stone Soup version 0.17.2 (webtiles) character file.

15599 Goblin1989 the Destroyer (level 12, -4/86 HPs)
             Began as a Demonspawn Wizard on July 3, 2016.
             Was an Elder of Sif Muna.
             Slain by a seven-headed hydra (9 damage)
             ... on level 3 of the Lair of Beasts on July 5, 2016.
             The game lasted 01:28:57 (19545 turns).

Goblin1989 the Destroyer (Demonspawn Wizard)       Turns: 19545, Time: 01:28:58

Health: -4/86      AC:  7    Str:  7 (8)  XL:     12   Next: 2%
Magic:  17/23      EV: 14    Int: 19      God:    Sif Muna [****..]
Gold:   821        SH:  0    Dex: 13      Spells: 7 memorised, 7 levels left

rFire  . . .     SeeInvis .     a - +2 hunting sling (flame)
rCold  + + .     Clarity  .     E - +0 robe
rNeg   . . .     SustAt   .     (no shield)
rPois  +         Gourm    +     Z - +1 hat {MR+}
rElec  .         Spirit   .     m - +0 cloak
rCorr  .         Warding  .     k - +0 pair of gloves
rMut   .         Stasis   .     (no boots)
MR     +....                    s - amulet of the gourmand {Gourm, !d}
Stlth  +++.......               l - ring of stealth {Stlth+}
                                g - ring of protection from cold {rC+, !d}

@: repel missiles, somewhat resistant to hostile enchantments, fairly stealthy
A: horns 1, thin metallic scales 1, cold resistance 1, deformed body, demonic
guardian 1, deterioration 1, dopey 2, poison resistance, shaggy fur 1, spiny 3,
evolution 1
a: Channel Energy, Forget Spell, Renounce Religion


You were on level 3 of the Lair of Beasts.
You worshipped Sif Muna.
Sif Muna was greatly pleased with you.
You were very full.

You visited 3 branches of the dungeon, and saw 15 of its levels.
You also visited: Sewer.

You collected 866 gold pieces.
You spent 45 gold pieces at shops.

Inventory:

Hand Weapons
 a - a +2 hunting sling of flaming (weapon)
 b - a +1 whip of electrocution
 D - a +2 whip of venom
Missiles
 F - 331 stones (quivered)
Armour
 k - a +0 pair of gloves (worn)
 m - a +0 cloak (worn)
 E - a +0 robe (worn)
 Z - a +1 hat of magic resistance (worn)
Jewellery
 f - an uncursed amulet of faith {unknown}
 g - a ring of protection from cold (left hand) {rC+, !d}
 l - a ring of stealth (right hand) {Stlth+}
 p - an uncursed ring of fire {rF+, rC-}
 s - an amulet of the gourmand (around neck) {Gourm, !d}
 y - an uncursed ring of protection from cold {rC+, !d}
 P - an uncursed amulet of faith {unknown}
 U - an uncursed amulet of resist corrosion {unknown}
Wands
 G - a wand of draining (5)
 J - a wand of hasting (6)
 Q - a wand of fire (13)
 X - a wand of teleportation (2)
Scrolls
 o - 6 scrolls of teleportation
 x - 3 scrolls of fog
 A - 6 scrolls of remove curse
 B - 3 scrolls of enchant armour
 S - a scroll of amnesia
 V - 2 scrolls of recharging
 Y - a scroll of immolation {!r}
Potions
 e - 2 potions of resistance
 h - 3 potions of agility
 j - 3 potions of lignification {!q}
 n - a potion of invisibility
 q - 2 potions of cancellation
 r - a potion of beneficial mutation {unknown}
 u - a potion of haste
 v - 4 potions of curing
 w - 6 potions of magic
 z - 2 potions of brilliance
 K - 2 potions of cure mutation {!q}
 M - a potion of flight {unknown}
 N - a potion of heal wounds
 R - a potion of might {unknown}
 T - a potion of berserk rage {!q}
Books
 c - a book of Minor Magic

   Spells                             Type                      Level
   a - Magic Dart                     Conjuration                  1
   b - Blink                          Translocation                2
   c - Call Imp                       Summoning                    2
   d - Repel Missiles                 Charms/Air                   2
   e - Slow                           Hexes                        2
   f - Conjure Flame                  Conjuration/Fire             3
   g - Mephitic Cloud                 Conjuration/Poison/Air       3
 C - a book of Beasts

   Spells                             Type                      Level
   a - Summon Butterflies             Summoning                    1
   b - Call Canine Familiar           Summoning                    3
   c - Summon Ice Beast               Ice/Summoning                4
   d - Summon Mana Viper              Hexes/Summoning              5
   e - Summon Hydra                   Summoning                    7
 I - a book of Clouds

   Spells                             Type                      Level
   a - Mephitic Cloud                 Conjuration/Poison/Air       3
   b - Conjure Flame                  Conjuration/Fire             3
   c - Poisonous Cloud                Conjuration/Poison/Air       6
   d - Freezing Cloud                 Conjuration/Ice/Air          6
   e - Ring of Flames                 Charms/Fire                  7
Comestibles
 d - 11 bread rations
 i - 2 beef jerkies
 t - 4 royal jellies
 H - 3 slices of pizza
 L - 11 fruits
 O - 2 meat rations


   Skills:
 - Level 5.4 Fighting
 + Level 6.6 Slings
 - Level 5.0 Dodging
 - Level 1.7 Stealth
 + Level 7.7 Spellcasting
 * Level 9.1 Conjurations
 + Level 2.1 Summonings
 - Level 0.8 Translocations
 - Level 2.1 Fire Magic
 * Level 7.3 Air Magic
 - Level 7.1 Poison Magic
 + Level 3.6 Invocations


You had 7 spell levels left.
You knew the following spells:

 Your Spells              Type           Power        Failure   Level  Hunger
a - Magic Dart            Conj           ####         1%          1    None
b - Conjure Flame         Conj/Fire      ####....     2%          3    #......
c - Mephitic Cloud        Conj/Pois/Air  #####...     1%          3    #......
d - Repel Missiles        Chrm/Air       ###...       3%          2    None
e - Call Imp              Summ           ###.....     8%          2    None
f - Blink                 Tloc           N/A          12%         2    None
g - Poisonous Cloud       Conj/Pois/Air  #####.....   67%         6    ######.


Dungeon Overview and Level Annotations

Branches:
Dungeon (11/15)            Temple (1/1) D:6            Lair (3/8) D:8
  Swamp: Lair:3-6    Shoals: Lair:3-6     Snake: Lair:3-6    Spider: Lair:3-6
    Orc: D:9-12

Altars:
Ashenzari
Cheibriados
Dithmenos
Elyvilon
Fedhas
Gozag
Kikubaaqudgha
Makhleb
Nemelex Xobeh
Okawaru
Qazlal
Ru
Sif Muna
Trog
Vehumet
Xom
Yredelemnul
Zin
The Shining One

Shops:
D:5 (

Annotations:
D:6 exclusion: Menkaure, Menkaure
D:9 exclusion: 2 doors


Innate Abilities, Weirdness & Mutations

You have a pair of small horns on your head.
You are partially covered in thin metallic scales (AC +2).
A weak demonic guardian rushes to your aid.
You are completely covered in sharp spines.
Your flesh is cold resistant.
Armour fits poorly on your strangely shaped body.
Your body sometimes deteriorates upon taking damage.
You are very dopey. (Int -4)
Your system is resistant to poisons.
You are covered in fur (AC +1).
You evolve.


Message History

The seven-headed hydra completely misses you.
The seven-headed hydra bites you!
The seven-headed hydra barely misses you.
The seven-headed hydra bites you! x3
The seven-headed hydra barely misses you.
You take 47 damage, and have 39/86 hp.
MASSIVE DAMAGE!!
You now have 18/23 mp.
Aim: a seven-headed hydra (flame, lightly wounded)
The magic dart hits the seven-headed hydra.
The seven-headed hydra is engulfed in roaring flames.
The seven-headed hydra is struck by your spines.
The seven-headed hydra bites you!
Your body deteriorates!
You feel weakened.
The seven-headed hydra completely misses you.
The seven-headed hydra bites you. The seven-headed hydra bites you!
* * * LOW HITPOINT WARNING * * *
The seven-headed hydra barely misses you.
The seven-headed hydra bites you!
* * * LOW HITPOINT WARNING * * *
The seven-headed hydra bites you!
You die...

.#
...DS.5......#####
.
.......##.....##..
.
..SP.####.....####
#..## ##D....## ##
###......#
#.......##
###(......#
###5(.......##
#@D(.........#
###5......####
###...### ###P#
###


You could see a seven-headed hydra, a friendly crimson imp and a friendly
ufetubus.

Vanquished Creatures
  A hydra (Lair:1)
  An unseen horror (D:9)
  A hill giant (D:11)
  2 black mambas (Lair:3)
  3 spiny frogs
  A komodo dragon (D:8)
  A blink frog (Lair:3)
  Prince Ribbit (D:9)
  A basilisk (Lair:3)
  A wraith (D:11)
  4 yaks (D:11)
  8 hippogriffs
  2 hungry ghosts
  2 wolves (Lair:3)
  9 swamp worms (Lair:3)
  3 orc warriors (D:6)
  7 water moccasins
  4 sky beasts
  5 porcupines
  7 ice beasts
  A wasp (D:9)
  A black bear (D:11)
  An ogre (D:6)
  4 centaurs
  6 crocodiles
  2 big kobolds (D:10)
  8 giant frogs
  A water moccasin zombie (D:6)
  A wyvern skeleton (D:6)
  2 scorpions
  5 jellies
  6 wights
  A quasit (D:10)
  An electric eel (Lair:3)
  2 spriggan skeletons (D:9)
  8 hounds
  A centaur zombie (D:6)
  5 crimson imps
  7 orc priests
  A giant frog zombie (D:5)
  2 giant frog skeletons
  4 centaur skeletons
  A hell rat (D:6)
  11 orc wizards
  6 iguanas
  A killer bee zombie (D:8)
  4 worker ants
  A hound skeleton (D:5)
  A hound zombie (D:8)
  A worker ant zombie (D:6)
  26 river rats
  2 shadow imps
  13 adders
  17 worms
  An adder skeleton (D:8)
  4 adder zombies
  8 giant geckos
  36 orcs
  8 bats
  10 giant cockroaches
  15 hobgoblins
  10 jackals
  18 kobolds
  3 quokkas
  7 ball pythons
  A giant gecko skeleton (D:5)
  11 giant newts
  10 goblins
  A jackal zombie (D:5)
  2 quokka skeletons
  46 rats
  A fungus (Lair:2)
  A plant (Lair:3)
411 creatures vanquished.

Vanquished Creatures (collateral kills)
  Gastronok (Lair:1)
  A spiny frog (Lair:3)
  2 hippogriffs (Lair:3)
  2 wolves (Lair:3)
  A water moccasin (Lair:1)
  A porcupine (Lair:1)
  An orc priest (D:3)
  An adder (D:10)
10 creatures vanquished.

Vanquished Creatures (others)
  3 fungi
  5 plants
8 creatures vanquished.

Grand Total: 429 creatures vanquished

Notes
Turn   | Place    | Note
--------------------------------------------------------------
     0 | D:1      | Goblin1989 the Demonspawn Wizard began the quest for the Orb.
     0 | D:1      | Reached XP level 1. HP: 13/13 MP: 4/4
   537 | D:1      | Gained mutation: You have a pair of small horns on your head. [demonic ancestry]
   537 | D:1      | Reached XP level 2. HP: 4/19 MP: 0/6
  1437 | D:1      | Reached XP level 3. HP: 21/24 MP: 4/7
  2127 | D:2      | Learned a level 3 spell: Conjure Flame
  2131 | D:2      | Learned a level 3 spell: Mephitic Cloud
  2134 | D:2      | Learned a level 2 spell: Repel Missiles
  2282 | D:2      | Gained mutation: A weak demonic guardian rushes to your aid. [demonic ancestry]
  2282 | D:2      | Reached XP level 4. HP: 26/30 MP: 5/9
  2415 | D:2      | Found an ancient bone altar of Kikubaaqudgha.
  2664 | D:2      | Reached skill level 1 in Fire Magic
  3065 | D:2      | Found a snail-covered altar of Cheibriados.
  3182 | D:2      | Found a sacrificial altar of Ru.
  3184 | D:2      | Found a shadowy altar of Dithmenos.
  3313 | D:3      | Gained mutation: You are partially covered in sharp spines. [demonic ancestry]
  3313 | D:3      | Reached XP level 5. HP: 35/35 MP: 0/10
  3512 | D:3      | Found a glowing drain.
  3516 | Sewer    | Entered a sewer
  3562 | Sewer    | Learned a level 2 spell: Call Imp
  3956 | Sewer    | Reached skill level 4 in Conjurations
  4575 | D:2      | Reached skill level 1 in Air Magic
  4703 | D:3      | Found a basalt altar of Yredelemnul.
  4703 | D:3      | Found an opulent altar of Gozag.
  4835 | D:3      | Reached XP level 6. HP: 41/41 MP: 9/12
  4927 | D:4      | Learned a level 2 spell: Blink
  4954 | D:4      | Reached skill level 1 in Poison Magic
  5693 | D:4      | Found a shimmering altar of Xom.
  5711 | D:4      | Gained mutation: You are mostly covered in sharp spines. [demonic ancestry]
  5711 | D:4      | Reached XP level 7. HP: 39/46 MP: 7/13
  6445 | D:5      | Entered Level 5 of the Dungeon
  6473 | D:5      | Found Zeshrycs's Antique Weapon Emporium.
  6490 | D:5      | Reached skill level 5 in Conjurations
  6575 | D:5      | Bought a glowing hunting sling for 45 gold pieces
  7909 | D:5      | Found a bloodstained altar of Trog.
  7909 | D:5      | Found a burning altar of Makhleb.
  8344 | D:6      | Found a staircase to the Ecumenical Temple.
  8355 | D:6      | Reached XP level 8. HP: 37/52 MP: 4/15
  8429 | Temple   | Entered the Ecumenical Temple
  9219 | D:6      | Reached skill level 5 in Spellcasting
  9238 | D:6      | Reached skill level 6 in Conjurations
 10111 | D:6      | Reached skill level 1 in Slings
 10191 | D:6      | Reached skill level 1 in Fighting
 10490 | D:6      | Gained mutation: You are completely covered in sharp spines. [demonic ancestry]
 10490 | D:6      | Reached XP level 9. HP: 59/61 MP: 12/17
 10907 | D:6      | Noticed Menkaure
 11689 | D:7      | Found an iron altar of Okawaru.
 12056 | D:8      | Found a deep blue altar of Sif Muna.
 12065 | D:8      | Became a worshipper of Sif Muna the Loreminder
 12280 | D:8      | Found a staircase to the Lair.
 12537 | D:8      | Found a radiant altar of Vehumet.
 12540 | D:8      | Found a blossoming altar of Fedhas.
 12555 | D:8      | Gained mutation: Armour fits poorly on your strangely shaped body. [mutagenic meat]
 12556 | D:8      | Gained mutation: You are dopey. (Int -2) [mutagenic meat]
 12557 | D:8      | Gained mutation: You are very dopey. (Int -4) [mutagenic meat]
 12558 | D:8      | Gained mutation: You are agile. (Dex +2) [mutagenic meat]
 12559 | D:8      | Gained mutation: Your flesh is cold resistant. [mutagenic meat]
 12560 | D:8      | Lost mutation: You are agile. (Dex +2) [mutagenic meat]
 12579 | D:8      | Found a glowing golden altar of the Shining One.
 12883 | D:8      | Noticed a komodo dragon
 12932 | D:8      | Killed a komodo dragon
 12932 | D:8      | Reached skill level 5 in Poison Magic
 12960 | Lair:1   | Entered Level 1 of the Lair of Beasts
 12960 | Lair:1   | Noticed a five-headed hydra
 13230 | D:9      | Killed an unseen horror
 13230 | D:9      | Reached XP level 10. HP: 24/73 MP: 19/19
 13329 | D:9      | Gained mutation: Your system is resistant to poisons. [mutagenic meat]
 13330 | D:9      | Gained mutation: You are covered in fur (AC +1). [mutagenic meat]
 13331 | D:9      | Gained mutation: You are clumsy. (Dex -2) [mutagenic meat]
 13332 | D:9      | Gained mutation: You tend to lose your temper in combat. [mutagenic meat]
 13333 | D:9      | Gained mutation: You evolve. [mutagenic meat]
 13648 | D:9      | Reached * piety under Sif Muna
 13692 | D:9      | Found a flagged portal.
 13698 | D:9      | Found an iron altar of Okawaru.
 13754 | D:9      | Noticed Prince Ribbit
 13762 | D:9      | Killed Prince Ribbit
 13955 | D:10     | Entered Level 10 of the Dungeon
 14010 | D:10     | Reached skill level 7 in Conjurations
 14404 | D:10     | Reached skill level 5 in Fighting
 14420 | D:10     | Lost mutation: You are clumsy. (Dex -2) [mutagenic meat]
 14465 | D:10     | Reached skill level 5 in Slings
 14945 | D:10     | Gained mutation: Your body sometimes deteriorates upon taking damage. [mutagenic meat]
 14947 | D:10     | Lost mutation: You tend to lose your temper in combat. [mutagenic meat]
 15036 | D:11     | Noticed a hill giant
 15048 | D:11     | Killed a hill giant
 15048 | D:11     | Reached skill level 5 in Air Magic
 15136 | D:11     | Reached skill level 5 in Dodging
 15520 | D:10     | Learned a level 6 spell: Poisonous Cloud
 15556 | D:11     | Reached ** piety under Sif Muna
 15570 | D:11     | Noticed a brown ugly thing
 15730 | Lair:1   | Killed a five-headed hydra
 15730 | Lair:1   | Reached XP level 11. HP: 27/80 MP: 4/21
 15882 | Lair:1   | Noticed a spiny frog
 15898 | Lair:1   | Killed a spiny frog
 16215 | Lair:1   | Noticed Gastronok
 16236 | Lair:1   | Killed Gastronok
 16236 | Lair:1   | Reached skill level 8 in Conjurations
 16575 | Lair:1   | Reached *** piety under Sif Muna
 17765 | Lair:2   | Reached skill level 1 in Invocations
 18352 | Lair:2   | Learned a level 3 spell: Call Canine Familiar
 19200 | Lair:3   | Reached skill level 9 in Conjurations
 19445 | Lair:3   | Reached **** piety under Sif Muna
 19524 | Lair:3   | Gained mutation: You are partially covered in thin metallic scales (AC +2). [demonic ancestry]
 19524 | Lair:3   | Reached XP level 12. HP: 86/86 MP: 23/23
 19526 | Lair:3   | Noticed a seven-headed hydra
 19545 | Lair:3   | Slain by a seven-headed hydra

Action                   |  1- 3 |  4- 6 |  7- 9 | 10-12 || total
-------------------------+-------+-------+-------+-------++-------
Melee: Unarmed           |    15 |       |       |       ||    15
       Whip              |    14 |    39 |       |     5 ||    58
 Fire: Hunting sling     |       |       |   248 |   483 ||   731
 Cast: Magic Dart        |    91 |   220 |   253 |   216 ||   780
       Conjure Flame     |       |     1 |     1 |     5 ||     7
       Mephitic Cloud    |       |     3 |    29 |    49 ||    81
       Repel Missiles    |       |     1 |       |     1 ||     2
       Call Imp          |       |       |       |     6 ||     6
       Call Canine Famil |       |       |       |     1 ||     1
Invok: Forget Spell      |       |       |       |     1 ||     1
Evoke: Wand              |       |       |       |     2 ||     2
  Use: Scroll            |     2 |     7 |    13 |     5 ||    27
  Eat: Chunk             |     3 |    11 |    30 |    35 ||    79
       Meat ration       |       |       |     1 |       ||     1
       Pizza             |       |       |     1 |       ||     1
       Fruit             |       |       |     3 |       ||     3
